 Dungeon Crawl Stone Soup version 0.30.1-11-g7821555f0a (webtiles) character file.

Game seed: 14929988086101796280

3118 Timidy the Spear-Bearer (level 9, -5/71 (74) HPs)
             Began as a Merfolk Gladiator on Nov 29, 2023.
             Was a Priest of Okawaru.
             Slain by a wight
             ... wielding a +4 long sword
              (10 damage)
             ... on level 9 of the Dungeon.
             The game lasted 00:42:35 (10831 turns).

Timidy the Spear-Bearer (Merfolk Gladiator)        Turns: 10831, Time: 00:42:35

HP:   -5/71 (74)    AC: 15    Str: 18    XL:     9   Next: 91%
MP:   10/10         EV: 15    Int:  7    God:    Okawaru [***...]
Gold: 168           SH:  0    Dex: 16    Spells: 8/8 levels left

rFire   + + .        a - +0 trident (protect)
rCold   . . .        (no shield)
rNeg    . . .        o - +1 leather armour "Ugranunnu" {rF++ SInv}
rPois   .            c - +1 helmet
rElec   .            j - +0 cloak {Will+}
rCorr   +            (no gloves)
SInv    +            l - +0 pair of boots
Will    +....        (no amulet)
Stlth   +            m - ring of resist corrosion
HPRegen 0.31/turn    (no ring)
MPRegen 0.12/turn

%: no passive effects
@: under a protective aura, lightly drained
A: (nimble swimmer 2), mertail
a: Renounce Religion, Heroism


You were on level 9 of the Dungeon.
You worshipped Okawaru.
Okawaru was most pleased with you.
You visited 2 branches of the dungeon, and saw 11 of its levels.

You collected 468 gold pieces.
You spent 300 gold pieces at shops.

Inventory:

Hand Weapons
 a - a +0 trident of protection (weapon)
 b - the +0 flail of the King {flame, rElec SInv Stlth+}
   (You found it on level 7 of the Dungeon)

   rElec:     It insulates you from electricity.
   SInv:      It lets you see invisible.
   Stlth:     It makes you more stealthy.
Missiles
 d - a throwing net (quivered)
 g - 4 poisoned darts
 h - 6 silver boomerangs
 i - 8 boomerangs
Armour
 c - a +1 helmet (worn)
 f - +0 steam dragon scales
 j - a +0 cloak of willpower (worn)
 l - a +0 pair of boots (worn)
 o - the +1 leather armour "Ugranunnu" (worn) {rF++ SInv}
   (You found it on level 3 of the Dungeon)

   rF:        It greatly protects you from fire.
   SInv:      It lets you see invisible.
Jewellery
 m - a ring of resist corrosion (left hand)
Wands
 y - a wand of digging (6)
Scrolls
 n - a scroll of enchant armour
 p - a scroll of blinking
 r - a scroll of poison
 C - a scroll of fear
 D - a scroll of enchant weapon
Potions
 k - a potion of might
 s - a potion of cancellation
 t - a potion of brilliance {unknown}
 v - a potion of lignification {unknown}
 x - a potion of curing
 z - a potion of degeneration {unknown}
 E - a potion of mutation {unknown}


   Skills:
 + Level 8.1 Fighting
 - Level 12.0 Polearms
 - Level 4.2 Throwing
 * Level 2.1 Armour
 - Level 7.6 Dodging
 + Level 2.5 Invocations


You had 8 spell levels left.
You didn't know any spells.
Your spell library contained the following spells:

 Spells                   Type           Power      Damage    Failure   Level
 Freeze                   Ice            0%         1d3       50%         1
 Poisonous Vapours        Pois/Air       0%         N/A       63%         2
 Sublimation of Blood     Necr           0%         N/A       63%         2
 Wereblood                Tmut           0%         N/A       63%         2
 Mephitic Cloud           Conj/Pois/Air  0%         N/A       86%         3
 Stone Arrow              Conj/Erth      0%         3d7       86%         3
 Freezing Cloud           Conj/Ice/Air   0%         6-21      100%        5
 Lehudib's Crystal Spear  Conj/Erth      0%         10d2      100%        8
 Summon Small Mammal      Summ           Unusable   N/A       N/A         1
 Call Canine Familiar     Summ           Unusable   N/A       N/A         3
 Summon Guardian Golem    Hex/Summ       Unusable   N/A       N/A         3
 Animate Armour           Summ/Erth      Unusable   N/A       N/A         4
 Summon Hydra             Summ           Unusable   N/A       N/A         7

Dungeon Overview and Level Annotations

Branches:
Dungeon (10/15)            Temple (1/1) D:6            Lair (0/5) D:8
    Orc (0/2) D:10

Altars:
Ashenzari
Cheibriados
Dithmenos
Elyvilon
Fedhas
Gozag
Hepliaklqana
Kikubaaqudgha
Makhleb
Nemelex Xobeh
Okawaru
Qazlal
Ru
Sif Muna
Uskayaw
Vehumet
Wu Jian
Xom
Yredelemnul
Zin
The Shining One

Shops:
D:8 ?

Annotations:
D:8 3 runed translucent doors, Ender991's ghost, novice DrCj
D:9 3 runed translucent doors


Innate Abilities, Weirdness & Mutations

((You are very nimble when in or above water. (Stealth+, EV+, Speed+++)))
Your lower body shifts to a powerful aquatic tail in water.


Message History

You feel yourself slow down.
You start resting.
A wraith is nearby!
The wight throws a stone.
The stone completely misses you.
You see here 6 gold pieces.
You now have 168 gold pieces (gained 6).
As you read the scroll of fog, it crumbles to dust.
The scroll dissolves into smoke.
The wight throws a stone.
The stone barely misses you. The wight hits you with a +2 falchion.
You hit the wight but do no damage.
Your weapon exudes an aura of protection.
The wight hits you with a +2 falchion.
* * * LOW HITPOINT WARNING * * *
You puncture the wight!
The wight is heavily damaged.
You hit the wight but do no damage.
The wight is heavily damaged.
The wight closely misses you.
You puncture the wight!
You destroy the wight!
Okawaru accepts your kill. The wight hits you but does no damage.
Things that are here:
a +2 falchion; a +0 robe The wight attacks as you move away!
The wight closely misses you. The wight attacks as you move away!
The wight closely misses you. The wight attacks as you move away!
The wight completely misses you. The wight attacks as you move away!
The wight misses you.
It was a potion of curing.
You feel better.
The wight hits you with a +3 scimitar of freezing!
* * * LOW HITPOINT WARNING * * *
You feel drained.
* * * LOW HITPOINT WARNING * * *
The wight freezes you.
* * * LOW HITPOINT WARNING * * *
The wight hits you with a +4 short sword!
* * * LOW HITPOINT WARNING * * *
The wight misses you.
The wight hits you with a +4 long sword!
You die...

.... ..........# #.......#
.....#.#.##...### #........
..............#.# #........
.....#...#......# #.##..... ..
..........# #..#..... ..
.#....(...# #........ ..
........§§# #..#..... .#
......§§§z###### ##..##....
.#........§§§§§z@....###...####..
.#.#.#.....§§§§zz.....#...## #.#
.#.......=.§§§§§§....###.## ###
.#......#...§§§...§.## #.#
......#.z..........## ###
.........z........##
.........##z##..###
........o.#.##### ..........z...#


You could see 4 wights.

Vanquished Creatures
  A cyclops (D:8)
  2 yaks (D:10)
  A steam dragon (D:6)
  Edmund (D:4)
  2 water moccasins
  An orc warrior (D:6)
  A black bear (D:5)
  An ice beast (D:6)
  A centaur (D:8)
  2 ogres (D:7)
  A kobold brigand (D:4)
  A bullfrog (D:8)
  3 scorpions (D:5)
  5 wights
  7 killer bees (D:9)
  2 howler monkeys
  3 hounds
  3 orc priests
  An iguana (D:6)
  2 sleepcaps (D:6)
  4 orc wizards
  10 adders
  2 white imps
  A worm (D:2)
  A dart slug (D:1)
  18 orcs
  4 bats
  4 endoplasms
  4 goblins
  2 hobgoblins
  4 jackals (D:5)
  4 kobolds
  3 quokkas
  3 ball pythons
  2 frilled lizards
  3 rats
110 creatures vanquished.

Vanquished Creatures (others)
  A jelly (D:6)
1 creature vanquished.

Grand Total: 111 creatures vanquished

Notes
Turn   | Place    | Note
-------+----------+-------------------------------------------
     0 | D:1      | Timidy the Merfolk Gladiator began the quest for the Orb.
     0 | D:1      | Reached XP level 1. HP: 16/16 MP: 1/1
   179 | D:1      | Reached XP level 2. HP: 18/22 MP: 2/2
   201 | D:1      | You fall into a shaft and drop 1 floor!
   441 | D:2      | Reached skill level 5 in Polearms
   551 | D:2      | Reached XP level 3. HP: 27/27 MP: 3/3
   871 | D:2      | Reached skill level 6 in Polearms
  1393 | D:3      | Reached XP level 4. HP: 33/33 MP: 4/4
  1402 | D:3      | Identified the +1 leather armour "Ugranunnu" {rF++ SInv}
  1862 | D:3      | Found a white marble altar of Elyvilon.
  1871 | D:3      | Found a radiant altar of Vehumet.
  1878 | D:3      | Found a broken altar of Ashenzari.
  2191 | D:4      | Reached skill level 7 in Polearms
  2244 | D:4      | Noticed Edmund
  2279 | D:3      | Reached XP level 5. HP: 26/38 MP: 5/5
  2608 | D:4      | Noticed an ice beast
  2728 | D:4      | Noticed a kobold brigand
  2734 | D:4      | Killed a kobold brigand
  2735 | D:4      | Reached skill level 8 in Polearms
  2861 | D:4      | Reached XP level 6. HP: 44/44 MP: 6/6
  3067 | D:4      | Killed Edmund
  3068 | D:4      | Reached skill level 9 in Polearms
  3111 | D:5      | Entered Level 5 of the Dungeon
  3390 | D:5      | Noticed a black bear
  3500 | D:6      | Found a staircase to the Ecumenical Temple.
  3529 | D:6      | Reached skill level 10 in Polearms
  3544 | D:6      | Reached XP level 7. HP: 41/50 MP: 7/7
  4231 | D:6      | Found a shadowy altar of Dithmenos.
  4593 | Temple   | Entered the Ecumenical Temple
  4688 | Temple   | Became a worshipper of Warmaster Okawaru
  4891 | D:5      | Reached skill level 11 in Polearms
  4894 | D:5      | Reached XP level 8. HP: 55/61 MP: 8/8
  5365 | D:5      | Reached * piety under Okawaru
  5366 | D:5      | Reached skill level 5 in Fighting
  5780 | D:6      | Reached skill level 1 in Invocations
  6135 | D:7      | Reached skill level 12 in Polearms
  6493 | D:6      | Reached ** piety under Okawaru
  6871 | D:7      | Reached skill level 1 in Armour
  6873 | D:7      | Identified the +0 flail of the King {flame, rElec SInv
                  | Stlth+}
  6928 | D:7      | Reached skill level 5 in Dodging
  6928 | D:7      | Reached XP level 9. HP: 33/69 MP: 10/10
  7966 | D:8      | Found a shimmering blue altar of Sif Muna.
  8052 | D:8      | Found a burning altar of Makhleb.
  8314 | D:8      | Found a runed translucent gate.
  8314 | D:8      | Found a runed translucent gate.
  8314 | D:8      | Found a runed translucent gate.
  8314 | D:8      | Noticed Ender991's ghost (novice DrCj)
  8314 | D:8      | Noticed a ten-headed hydra
  8331 | D:8      | Found a staircase to the Lair.
  8481 | D:8      | Noticed a cyclops
  8693 | D:8      | Found Siupof's Magic Scroll Emporium.
  8710 | D:8      | Bought a scroll of blinking for 90 gold pieces
  8710 | D:8      | Bought a scroll of teleportation for 36 gold pieces
  8710 | D:8      | Bought a scroll of teleportation for 36 gold pieces
  8710 | D:8      | Bought a scroll of fear for 48 gold pieces
  8710 | D:8      | Bought a scroll of enchant weapon for 90 gold pieces
  8904 | D:8      | Got the Spellbook of Frostbitten Inhalation
  9251 | D:8      | Killed a cyclops
  9792 | D:9      | Found a runed translucent gate.
  9792 | D:9      | Found a runed translucent gate.
  9792 | D:9      | Found a runed translucent gate.
  9792 | D:9      | Noticed a purple ugly thing
  9792 | D:9      | Noticed a deep troll
  9792 | D:9      | a deep troll changed into a glowing shapeshifter
  9792 | D:9      | Noticed a glowing shapeshifter (glowing shapeshifter)
  9793 | D:9      | Noticed a white ugly thing
  9793 | D:9      | Noticed a white ugly thing
  9793 | D:9      | a glowing shapeshifter changed into an orb spider
  9793 | D:9      | Noticed an orb spider (glowing shapeshifter)
  9793 | D:9      | Noticed a purple ugly thing
  9793 | D:9      | Noticed a cyan ugly thing
  9796 | D:9      | an orb spider changed into an elephant
  9796 | D:9      | Noticed an elephant (glowing shapeshifter)
  9892 | D:10     | Entered Level 10 of the Dungeon
 10309 | D:10     | Reached *** piety under Okawaru
 10314 | D:10     | Found a staircase to the Orcish Mines.
 10315 | D:10     | Noticed a brown ugly thing
 10641 | D:10     | Noticed a two-headed ogre
 10723 | D:9      | HP: 3/74 [poisoned by a killer bee]
 10831 | D:9      | Slain by a wight

Illustrated notes

Levels and vault maps discovered:
D:1:      eino_arrival_water_cross, layout_loops_cross
D:2:      layout_basic, nicolae_figureground_pulse
D:3:      layout_basic, tgw_trog, grunt_temple_overflow_diamond,
          serial_bayou_ford_a, kennysheep_flooded_box, minmay_misc_feat_cross,
          grunt_ministairs_15
D:4:      layout_rooms, serial_co_window_serial, co_window_paths_b,
          co_window_of_opportunity_a, co_window_cross_1, co_window_corner_a,
          co_window_paths_b, co_window_paths_a, co_window_corner_a,
          co_window_unsneaky_path_b, co_window_corner_ca,
          co_window_of_opportunity_b, glass_columns_b, glass_columns_b,
          glass_columns_a, glass_columns_a, nicolae_nh_ransacked_shop,
          uniq_edmund
D:5:      layout_loops_ring, serial_rivers, chequers_serial_rivers_large_a,
          chequers_serial_rivers_small_a, chequers_serial_rivers_small_3,
          chequers_serial_rivers_micro_b, chequers_serial_rivers_micro_d,
          chequers_serial_rivers_small_a
D:6:      layout_basic, nicolae_dithmenos_the_darkroom,
          minmay_temple_entry_large_hall, kennysheep_generic_room_2
D:7:      layout_cave_pools
D:8:      layout_basic, mainiacjoe_overflow_six_doors_small,
          lemuel_crystal_altar, lair_entry_dummy, gammafunk_ghost_hydra_chop,
          serial_shops, nicolae_shop_window_shopping, wad_mini_maze
D:9:      layout_cave_pools, ploomutoo_gammafunk_ghost_potion_laboratory,
          enter_bailey_6, hangedman_decor_lopped
D:10:     layout_roguey, erik_orc_4
Temple:   nicolae_temple_superstar

Skill      XL: |  1  2  3  4  5  6  7  8  9 |
---------------+----------------------------+-----
Polearms       | 5 6 7 8 10 11 12 | 12.0
Fighting       | 4 6 8 |  8.1
Invocations    | 2 |  2.5
Armour         | 1 2 |  2.1
Dodging        | 5 7 |  7.6
Throwing       | 4 |  4.2

Action                     |  1- 3 |  4- 6 |  7- 9 || total
---------------------------+-------+-------+-------++-------
  Melee: Trident           |    77 |   111 |   345 ||   533
         Punch             |     1 |     1 |     6 ||     8
  Throw: Javelin           |     1 |       |     3 ||     4
         Boomerang         |     1 |    16 |    38 ||    55
         Throwing net      |     1 |     1 |     2 ||     4
         Dart              |       |     9 |    18 ||    27
 Invoke: Heroism           |       |       |     3 ||     3
    Use: Scroll            |       |     5 |    22 ||    27
         Potion            |       |     1 |    13 ||    14
   Stab: Held in net/web   |       |     2 |       ||     2
         Sleeping          |       |       |     1 ||     1
 Armour: Leather armour    |    15 |    33 |   108 ||   156
  Dodge: Dodged            |    30 |    74 |   289 ||   393
